 Dungeon Crawl Stone Soup version 0.24-a0-464-g6b2be6b (webtiles) character file.

Game seed: 13549009576766815169

774 robbits the Shield-Bearer (level 7, -3/61 HPs)
             Began as a Minotaur Fighter on July 3, 2019.
             Was an Initiate of Wu Jian.
             Killed from afar by Dowan (22 damage)
             ... with a shard of ice
             ... on level 4 of the Dungeon.
             The game lasted 00:03:48 (3978 turns).

robbits the Shield-Bearer (Minotaur Fighter)        Turns: 3978, Time: 00:03:48

Health: -3/61      AC: 10    Str: 23    XL:     7   Next: 53%
Magic:  6/6        EV:  9    Int:  5    God:    Wu Jian [......]
Gold:   269        SH:  0    Dex:  9    Spells: 6/6 levels left

rFire    . . .     SeeInvis .   a - +0 long sword
rCold    . . .     Gourm    .   c - +0 shield
rNeg     + + .     Faith    .   x - +3 ring mail {rN+}
rPois    .         Spirit   .   (helmet restricted)
rElec    .         Reflect  .   (no cloak)
rCorr    .         Harm     .   k - +0 pair of gloves
MR       .....                  (no boots)
Stlth    ..........             (no amulet)
HPRegen  0.20/turn              h - ring of positive energy
MPRegen  0.10/turn              (no ring)

@: confused
A: retaliatory headbutt, horns 2
a: Renounce Religion


You were on level 4 of the Dungeon.
You worshipped Wu Jian.
Wu Jian was noncommittal.
You were very hungry.

You visited 1 branch of the dungeon, and saw 4 of its levels.

You collected 269 gold pieces.

Inventory:

Hand Weapons
 a - a +0 long sword (weapon)
Missiles
 n - 30 poisoned darts (quivered)
Armour
 c - a +0 shield (worn)
 k - a +0 pair of gloves (worn)
 x - a +3 ring mail of positive energy (worn)
Jewellery
 h - a ring of positive energy (left hand)
 y - an uncursed amulet of the gourmand
Wands
 A - a wand of random effects (14)
Scrolls
 b - a scroll of teleportation {unknown}
 e - 2 scrolls of blinking {unknown}
 i - 6 scrolls of identify {unknown}
 l - a scroll of immolation {unknown}
 m - 2 scrolls of remove curse {unknown}
 o - 2 scrolls of enchant armour {unknown}
 r - a scroll of magic mapping {unknown}
 s - a scroll of noise {unknown}
 u - a scroll of fog {unknown}
 w - a scroll of random uselessness {unknown}
 B - a scroll of amnesia {unknown}
Potions
 d - a potion of might
 g - a potion of mutation {unknown}
 j - a potion of ambrosia
 p - 2 potions of invisibility {unknown}
 q - 2 potions of curing
 t - a potion of brilliance {unknown}
 v - a potion of degeneration {unknown}
 z - a potion of flight {unknown}
Comestibles
 f - 8 rations


   Skills:
 + Level 5.4 Fighting
 * Level 6.3 Long Blades
 + Level 5.4 Armour
 * Level 6.8 Shields


You had 6 spell levels left.
You didn't know any spells.
Your spell library was empty.

Dungeon Overview and Level Annotations

Branches:
Dungeon (4/15)             Temple (0/1) D:4

Altars:
Sif Muna
Trog
Wu Jian
Yredelemnul

Annotations:
D:4 Dowan


Innate Abilities, Weirdness & Mutations

You reflexively headbutt those who attack you in melee.
You have a pair of horns on your head.


Message History

Dowan seems to find hidden reserves of power!
Dowan points at you and mumbles some strange words.
You block the stone arrow. Dowan hits you with a +0 dagger.
You hit Dowan.
Dowan is moderately wounded.
You block Dowan's attack.
You closely miss Dowan.
Dowan is moderately wounded.
Dowan hits you with a +0 dagger.
* * * LOW HITPOINT WARNING * * *
Dowan gestures at you while chanting. The shard of ice hits you!
* * * LOW HITPOINT WARNING * * *
It was a potion of ambrosia.
You are confused.
You feel invigorated. Dowan hits you but does no damage. x2
Okay, then.
Dowan points at you and mumbles some strange words.
The shard of ice hits you!!
You die...

....#....# ....#.#..##
#.# #. .⌠.##.....# #.#
.. ...#....).# #.# .##
.. #......# #.# ... #
#......# #.#####.##.#
#......####...........
#.......#.......(..###
#......>....%@e)...'..
#######............###
#...............#
#...............#
#.....###########
#######


You could see Dowan.

Vanquished Creatures
  Edmund (D:4)
  Duvessa (D:4)
  An ogre (D:4)
  A gnoll shaman (D:4)
  An orc priest (D:4)
  4 orc wizards
  An iguana (D:4)
  A centaur skeleton (D:4)
  A worker ant (D:4)
  Robin (D:3)
  4 gnolls (D:4)
  6 adders
  2 oozes
  4 dart slugs
  2 leopard geckos
  12 orcs
  3 bats
  4 giant cockroaches
  16 goblins
  11 hobgoblins
  11 jackals (D:2)
  2 ball pythons
  3 frilled lizards
  10 kobolds
  4 rats
107 creatures vanquished.

Notes
Turn   | Place    | Note
-------+----------+-------------------------------------------
     0 | D:1      | robbits the Minotaur Fighter began the quest for the Orb.
     0 | D:1      | Reached XP level 1. HP: 19/19 MP: 0/0
   126 | D:1      | Reached XP level 2. HP: 19/27 MP: 1/1
   758 | D:2      | Reached XP level 3. HP: 22/33 MP: 2/2
  1088 | D:2      | Reached XP level 4. HP: 40/40 MP: 3/3
  1443 | D:3      | Noticed Robin
  1454 | D:3      | Reached XP level 5. HP: 35/47 MP: 4/4
  1469 | D:3      | Killed Robin
  1469 | D:3      | Reached skill level 5 in Shields
  1756 | D:3      | Found an ornate altar of the Wu Jian Council.
  2002 | D:3      | Became a worshipper of the Wu Jian Council
  2066 | D:3      | Found a deep blue altar of Sif Muna.
  2267 | D:4      | Noticed Edmund
  2278 | D:4      | Killed Edmund
  2278 | D:4      | Reached skill level 5 in Long Blades
  2278 | D:4      | Reached XP level 6. HP: 42/55 MP: 5/5
  2470 | D:4      | Found a staircase to the Ecumenical Temple.
  2485 | D:4      | Reached skill level 5 in Fighting
  2485 | D:4      | Reached skill level 5 in Armour
  3196 | D:4      | Reached XP level 7. HP: 43/61 MP: 6/6
  3927 | D:4      | Found a basalt altar of Yredelemnul.
  3928 | D:4      | Found a bloodstained altar of Trog.
  3950 | D:4      | Noticed Dowan
  3951 | D:4      | Noticed Duvessa
  3973 | D:4      | Killed Duvessa
  3978 | D:4      | Killed from afar by Dowan

Levels and vault maps discovered:
D:1:      minmay_arrival_loop, layout_basic
D:2:      layout_rooms
D:3:      layout_basic, lemuel_doored_altar, lemuel_coloured_pillars_altar,
          first_ration, minmay_misc_feat_enclosed, uniq_robin
D:4:      cheibrodos_pilgrimage, layout_basic, gammafunk_temple_overflow_pools,
          minmay_temple_entry_antechambers, due_unseen_surprise, uniq_pikel,
          uniq_edmund, uniq_duvessa

Skill      XL: |  1  2  3  4  5  6  7 |
---------------+----------------------+-----
Shields        | 4 5 6 |  6.8
Long Blades    | 3 4 5 6 |  6.3
Fighting       | 4 5 |  5.4
Armour         | 4 5 |  5.4

Action                   |  1- 3 |  4- 6 |  7- 9 || total
-------------------------+-------+-------+-------++-------
Melee: Long sword        |    90 |   145 |    67 ||   302
       Headbutt          |    11 |    28 |    17 ||    56
Invok: Lunge             |       |     4 |     6 ||    10
  Use: Potion            |       |       |     1 ||     1
  Eat: Chunk             |       |     7 |     2 ||     9
Armor: Scale mail        |    54 |    48 |       ||   102
       Ring mail         |       |    15 |    22 ||    37
Dodge: Dodged            |    40 |    45 |    17 ||   102
Block: Shield            |    74 |    99 |    30 ||   203
       Rpst.: Long sword |    13 |     8 |     2 ||    23

Table legend:
 A = Non-vault XP
 B = Vault XP
 C = Vault XP percentage of total XP
 D = Non-vault monster count
 E = Vault monster count
 F = Vault count percentage of total count
                 A         B        C        D         E       F
            +---------+---------+-------+---------+---------+-------
      Total |     674 |     432 |  39.1 |      86 |      21 |  19.6
            +---------+---------+-------+---------+---------+-------
        D:1 |      30 |       0 |   0.0 |      18 |       0 |   0.0
        D:2 |      81 |       0 |   0.0 |      28 |       0 |   0.0
        D:3 |     130 |      35 |  21.2 |      25 |      12 |  32.4
        D:4 |     433 |     397 |  47.8 |      15 |       9 |  37.5
            +---------+---------+-------+---------+---------+-------
